 Dungeon Crawl Stone Soup version 0.28-a0-43-g560ac104fe (webtiles) character file.

Game seed: 1131826821216231582

15300 Sobieck the Destroyer (level 12, -1/95 HPs)
             Began as a Red Draconian Conjurer on July 28, 2021.
             Was a Believer of Hepliaklqana.
             Slain by a six-headed hydra (2 damage)
             ... on level 1 of the Lair of Beasts.
             The game lasted 00:41:42 (16982 turns).

Sobieck the Destroyer (Red Draconian Conjurer)     Turns: 16982, Time: 00:41:42

Health: -1/95      AC: 10    Str: 10    XL:     12   Next: 0%
Magic:  3/21       EV: 14    Int: 22    God:    Hepliaklqana [**....]
Gold:   675        SH:  0    Dex: 17    Spells: 12/23 levels left

rFire   + + .      SeeInvis .   I - +2 trident (protect) {polearm}
rCold   . . .      Faith    .   (no shield)
rNeg    . . .      Spirit   .   (armour unavailable)
rPois   .          Reflect  .   (helmet restricted)
rElec   .          Harm     .   (no cloak)
rCorr   .          Rampage  .   n - +1 pair of gloves
Will    .....                   (no boots)
Stlth   +++.......              (no amulet)
HPRegen 0.25/turn               t - ring of protection from fire
MPRegen 0.17/turn               x - +6 ring of dexterity

@: about to teleport, short of breath
A: reduced essence, breathe fire, AC +8, unfitting armour, fire resistance 1,
cold-blooded
a: Breathe Fire, Renounce Religion, Recall Ancestor, Ancestor Identity


You were on level 1 of the Lair of Beasts.
You worshipped Hepliaklqana.
Hepliaklqana was pleased with you.
You visited 3 branches of the dungeon, and saw 14 of its levels.

You collected 675 gold pieces.


Innate Abilities, Weirdness & Mutations

Your life essence is reduced to manifest your ancestor. (-10% HP)
You can breathe blasts of fire.
Your fiery red scales are hard. (AC +8)
You cannot fit into any form of body armour.
Your flesh is heat resistant. (rF+)
You are cold-blooded and may be slowed by cold attacks.


   Skills:
 - Level 10.0 Fighting
 - Level 5.0 Dodging
 - Level 4.0 Stealth
 + Level 2.8 Shields
 - Level 6.0 Spellcasting
 - Level 10.0 Conjurations
 - Level 3.0 Hexes
 - Level 7.0 Translocations
 - Level 6.0 Invocations
 + Level 6.3 Evocations


You had 12 spell levels left.
You knew the following spells:

 Your Spells              Type           Power      Damage    Failure   Level
a - Magic Dart            Conj           100%       1d8       1%          1
b - Searing Ray           Conj           100%       3d7       1%          2
c - Fulminant Prism       Conj/Hex       17%        3d11      6%          4
d - Iskenderun's Mystic   Conj/Tloc      44%        2d10      2%          4

Your spell library contained the following spells:

 Spells                   Type           Power      Damage    Failure   Level
 Foxfire                  Conj/Fire      100%       2x1d9     1%          1
 Dazzling Flash           Conj/Hex       70%        N/A       1%          3
 Ensorcelled Hibernation  Hex/Ice        26%        N/A       8%          2
 Freeze                   Ice            24%        1d5       9%          1
 Hailstorm                Conj/Ice       28%        3d8       12%         4
 Corpse Rot               Necr/Air       N/A        N/A       14%         2
 Passwall                 Tmut/Erth      5%         N/A       14%         2
 Sublimation of Blood     Necr           3%         N/A       14%         2
 Inner Flame              Hex/Fire       13%        N/A       14%         3
 Frozen Ramparts          Ice            12%        1d3       26%         3
 Swiftness                Air            6%         N/A       26%         3
 Irradiate                Conj/Tmut      14%        3d18      32%         5
 Dispel Undead            Necr           6%         3d8       65%         4
 Petrify                  Tmut/Erth      6%         N/A       65%         4
 Summon Ice Beast         Ice/Summ       6%         N/A       65%         4
 Summon Mana Viper        Hex/Summ       13%        N/A       80%         5
 Borgnjor's Vile Clutch   Necr/Erth      3%         N/A       94%         5
 Lee's Rapid Deconstruct  Erth           3%         3d6*      94%         5
 Invisibility             Hex            9%         N/A       99%         6
 Death Channel            Necr           3%         N/A       100%        6
 Simulacrum               Ice/Necr       3%         N/A       100%        6
 Malign Gateway           Summ/Tloc      11%        N/A       100%        7
 Monstrous Menagerie      Summ           3%         N/A       100%        7

Inventory:

Hand Weapons
 c - a +0 club {mace}
   (You took it off a goblin on level 1 of the Dungeon)
 e - a +1 short sword of flaming {short}
   (You took it off a kobold on level 1 of the Dungeon)
 C - a +3 short sword of freezing {short}
   (You took it off a wight on level 7 of the Dungeon)
 E - a +1 vorpal falchion {long}
   (You found it on level 8 of the Dungeon)
 G - a +1 vorpal trident {polearm}
   (You found it on level 8 of the Dungeon)
 I - a +2 trident of protection (weapon) {polearm}
   (You took it off an orc warrior on level 11 of the Dungeon)
 S - a +0 shortbow {bow}
   (You took it off a centaur on level 11 of the Dungeon)
Missiles
 a - 530 stones {throwing}
 f - 147 arrows
 i - 60 poisoned darts {throwing}
 j - 105 bolts
 l - 90 sling bullets
 m - 6 curare-tipped darts {=fthrowing}
 q - 12 boomerangs {throwing}
 r - 6 javelins {throwing}
 u - 2 throwing nets {=f!fthrowing}
Armour
 n - a +1 pair of gloves (worn)
   (You found it on level 2 of the Dungeon)
 K - a +0 plate armour
   (You took it off an orc warrior on level 11 of the Dungeon)
 T - a +0 buckler
   (You found it on level 1 of the Lair of Beasts)
Magical Staves
 M - a staff of conjuration {!a@e2staff}
   (You took it off a kobold on level 10 of the Dungeon)
 U - a staff of conjuration {!a@e2staff}
   (You found it on level 1 of the Lair of Beasts)
Jewellery
 d - the ring of Zowoyquon {Ice *Corrode rN+ Dex+4}
   (You found it on level 8 of the Dungeon)

   [ring of ice]

   It enhances your ice magic.
   Dex:       It affects your dexterity (+4).
   rF:        It makes you vulnerable to fire.
   rC:        It protects you from cold.
   rN:        It protects you from negative energy.
   *Corrode:  It may corrode you when you take damage.
 t - a ring of protection from fire (left hand)
   (You found it on level 3 of the Dungeon)
 x - a +6 ring of dexterity (right hand)
   (You found it on level 6 of the Dungeon)
Wands
 z - a wand of digging (6)
   (You found it on level 7 of the Dungeon)
 F - a wand of flame (15)
   (You found it on level 8 of the Dungeon)
 R - a wand of iceblast (8)
   (You took it off a centaur on level 11 of the Dungeon)
Scrolls
 p - 2 scrolls of vulnerability {!r!r}
 y - a scroll of enchant armour
 A - a scroll of amnesia
 B - 2 scrolls of teleportation {@r4}
 H - a scroll of enchant weapon
 L - a scroll of immolation {!r!r}
 N - 2 scrolls of fog
 P - 2 scrolls of identify {@r1}
 Q - a scroll of magic mapping {unknown}
Potions
 b - 2 potions of mutation {!q}
 g - a potion of flight
 h - 2 potions of attraction {!q}
 k - 3 potions of berserk rage {!q}
 o - 8 potions of curing {@q1}
 s - 2 potions of heal wounds {@q2}
 v - 3 potions of lignification {!q}
 w - a potion of might
 D - a potion of ambrosia {unknown}
 J - 3 potions of magic
 O - a potion of brilliance
 V - a potion of haste {unknown}

Dungeon Overview and Level Annotations

Branches:
Dungeon (12/15)            Temple (1/1) D:7            Lair (1/6) D:9
    Orc (0/2) D:10

Altars:
Ashenzari
Cheibriados
Dithmenos
Elyvilon
Fedhas
Hepliaklqana
Kikubaaqudgha
Makhleb
Nemelex Xobeh
Okawaru
Qazlal
Ru
Sif Muna
Trog
Uskayaw
Wu Jian
Xom
Yredelemnul
Zin
The Shining One
Beogh

Shops:
D:1 [

Annotations:
D:2 1 runed translucent door, exclusion: downstairs, Crazy Yiuf
D:10 2 transporters, Atlas's ghost, journeyman DjAE
D:11 exclusions: door and upstairs

P.≈###.###............##...##...#
...# #..##.#...##.#........##...#
..## #.......######.#.......#....
.## #.......## ####.#.##...... ##
##...#....# #....#.....#.
#####.###....## ####.#.......###
.....#####...# #..#....##...P##
.......###..######.#############
....##..........@..#
..####.....#.####D.#
####.........P#..R##
........#......#.##
#................[P#
##.......#.....P####
###.....[.....##
#...........#####
#....##.....P##.#


You could see the friendly Hank the knight and a six-headed hydra (ally target).


Message History

You breathe a blast of fire.
Hank avoids your attack.
The fiery breath hits Harold.
Harold is engulfed in blazing flames.
Harold closely misses Hank.
Hank hits Harold with a +0 flail!
Hank avoids your attack.
The blast of energy engulfs Harold.
Your magical contamination has completely faded away.
Unknown command.
Casting: Fulminant Prism (dangerous; 7% risk of failure)
Confirm with . or Enter, or press ? or * to list all spells.
Aiming: Fulminant Prism (dangerous; 7% risk of failure)
Press: ? - help, Dir - move target, p - Harold You conjure a prism of explosive energy!
A fulminant prism comes into view.
Harold is engulfed in blazing flames.
Harold hits Hank with a +0 war axe.
Hank hits Harold with a +0 flail! 😎 MP[-4]
You lost 4 mp, and now have 9/20 mp.
Unknown command.
Hank avoids your attack.
The magic dart hits Harold.
Harold is engulfed in blazing flames.
Harold throws a throwing net.
Hank blocks the throwing net.
Hank hits Harold with a +0 flail.
Your fulminant prism crackles loudly. 😎 MP[-1]
You lost 1 mp, and now have 8/20 mp.
Unknown command.
Casting: Magic Dart (safe; 1% risk of failure)
Confirm with . or Enter, or press ? or * to list all spells.
Okay, then.
Unknown command.
Harold is engulfed in blazing flames.
Harold hits Hank with a +0 war axe!
Hank avoids your attack.
The blast of energy engulfs Harold!
You kill Harold!
You have reached level 12!
Your experience leads to an increase in your attributes!
Your base attributes are Str 10, Int 21, Dex 10.
Increase (S)trength, (I)ntelligence, or (D)exterity?
You feel clever.
You feel agile.
Your scales feel tougher.
Hank remembers more of his old skill. 😎 HP[+6]
You now have 95 max hp (+6).
Your hp is fully restored (95). 😎 MP[+1]
Casting: Magic Dart (safe; 1% risk of failure)
Confirm with . or Enter, or press ? or * to list all spells.
You erupt in a blast of force!
The mystic blast hits the six-headed hydra. 😎 MP[-4]
You lost 4 mp, and now have 5/21 mp.
Casting: Iskenderun's Mystic Blast (dangerous; 2% risk of failure)
Confirm with . or Enter, or press ? or * to list all spells.
You erupt in a blast of force!
Hank avoids your attack.
The mystic blast hits the six-headed hydra!
The six-headed hydra is knocked back by the mystic blast.
The six-headed hydra collides with Hank!
Hank avoids your attack.
The six-headed hydra bites you but does no damage.
The six-headed hydra bites you! The six-headed hydra barely misses you.
The six-headed hydra bites you!
The six-headed hydra bites you but does no damage.
The six-headed hydra bites you! 😮 HP[-28] MP[-4]
You take 28 damage, and now have 67/95 hp.
MASSIVE DAMAGE!! (PAUSE)
You lost 4 mp, and now have 1/21 mp.
Hank hits the six-headed hydra with a +0 flail! 😮 HP[+1] MP[+1] Hank hits the six-headed hydra with a +0 flail! 😮 HP[+1]
As you read the scroll of teleportation {@r4}, it crumbles to dust.
You feel strangely unstable. The six-headed hydra barely misses you.
The six-headed hydra bites you but does no damage.
The six-headed hydra bites you. x2
The six-headed hydra bites you but does no damage.
The six-headed hydra bites you. 😮 HP[-17]
You take 17 damage, and now have 52/95 hp.
Unknown command.
Hank hits the six-headed hydra with a +0 flail!
The six-headed hydra bites you.
* * * LOW HITPOINT WARNING * * *
The six-headed hydra bites you.
* * * LOW HITPOINT WARNING * * *
The six-headed hydra bites you.
* * * LOW HITPOINT WARNING * * *
The six-headed hydra bites you!
* * * LOW HITPOINT WARNING * * *
The six-headed hydra bites you.
* * * LOW HITPOINT WARNING * * *
The six-headed hydra bites you!
* * * LOW HITPOINT WARNING * * *
😱 HP[-31] MP[+1]
You take 31 damage, and now have 21/95 hp.
MASSIVE DAMAGE!! (PAUSE)
The six-headed hydra bites you!
* * * LOW HITPOINT WARNING * * *
The six-headed hydra bites you!
* * * LOW HITPOINT WARNING * * *
The six-headed hydra barely misses you.
The six-headed hydra bites you but does no damage.
The six-headed hydra bites you.
You die...

Skill      XL: |  1  2  3  4  5  6  7  8  9 10 11 |
---------------+----------------------------------+-----
Dodging        | 2 3 4 5 |  5.0
Fighting       | 1 2 3 4 5 6 8 10 | 10.0
Spellcasting   | 3 4 5 6 |  6.0
Conjurations   | 5 7 9 10 | 10.0
Translocations | 1 3 5 6 7 |  7.0
Hexes          | 3 |  3.0
Stealth        | 3 4 |  4.0
Invocations    | 3 6 |  6.0
Evocations     | 3 6 |  6.3
Shields        | 2 |  2.8

Action                   |  1- 3 |  4- 6 |  7- 9 | 10-12 || total
-------------------------+-------+-------+-------+-------++-------
Melee: Short sword       |    34 |    74 |    19 |       ||   127
       Tailslap          |     2 |     8 |     4 |     8 ||    22
       Falchion          |       |       |     3 |       ||     3
       Trident           |       |       |       |    57 ||    57
Throw: Dart              |       |     3 |       |       ||     3
 Cast: Magic Dart        |    43 |   101 |   132 |   109 ||   385
       Searing Ray       |     3 |    32 |    22 |    21 ||    78
       Iskenderun's Myst |       |       |       |     5 ||     5
       Fulminant Prism   |       |       |       |    18 ||    18
Invok: Ancestor Identity |       |       |     1 |       ||     1
       Recall Ancestor   |       |       |       |     1 ||     1
       Ancestor Life: Kn |       |       |       |     1 ||     1
 Abil: Breathe Fire      |       |       |    27 |    35 ||    62
Evoke: Wand              |       |       |     4 |     5 ||     9
  Use: Scroll            |       |     8 |     9 |     4 ||    21
 Stab: Sleeping          |       |     1 |       |     1 ||     2
       Distracted        |       |     1 |       |       ||     1
Armor: Skin              |     9 |    41 |    24 |    30 ||   104
Dodge: Dodged            |    25 |    90 |    46 |    83 ||   244
       Rpst.: Falchion   |       |       |     1 |       ||     1

Levels and vault maps discovered:
D:1:      tarquinn_simple_flora_water_f, layout_basic, serial_shops, shop,
          hellmonk_ecumenical_altar_lost_god, minmay_misc_feat_diagonals,
          minmay_tromino_i2
D:2:      layout_loops_ring, uniq_terence, uniq_crazy_yiuf_cottage
D:3:      layout_rooms, nicolae_dithmenos_through_a_glass_darkly,
          serial_corexii_hall, chequers_hall_statues_wall_a,
          corexii_hall_statues_x, uniq_jessica, uniq_ijyb, uniq_robin
D:4:      layout_basic, minmay_misc_feat_more_columns, kennysheep_pointless_box
D:5:      layout_loops_corners, chequers_temple_overflow_minitemple,
          st_stairs_6, chequers_decorated_corner
D:6:      kennysheep_spiral_hall, layout_loops_ring
D:7:      layout_layer_cave, minmay_temple_entry_junction_2
D:8:      layout_basic, minivault_21, serial_bayou_pond_b, minmay_hedge_maze,
          kennysheep_nub, amcnicky_mini_rare_corridor_liquid,
          kennysheep_generic_room_10, uniq_grum
D:9:      layout_gridville, nicolae_overflow_crystal_walls, dpeg_oklobed_lair,
          uniq_erolcha, uniq_joseph
D:10:     layout_basic, kennysheep_mini_moat, minmay_orc_entry_temple_small,
          gammafunk_ghost_berserking_beasts, grunt_ministairs_2
D:11:     layout_loops_corners, serial_park_tiny_pond, laboratory
D:12:     layout_roguey, serial_shops, shop_scrolls
Temple:   nicolae_temple_x_marks_the_god
Lair:1:   gammafunk_indiana_jones, layout_misc_corridors, hangedman_tree_tricks,
          serial_bayou_pond_c, serial_bayou_pond_c, st_stairs_9,
          lemuel_fruit_tree, uniq_harold

Notes
Turn   | Place    | Note
-------+----------+-------------------------------------------
     0 | D:1      | Sobieck the Draconian Conjurer began the quest for the Orb.
     0 | D:1      | Reached XP level 1. HP: 14/14 MP: 3/3
     0 | D:1      | magus.rc [v1.9.6]
    78 | D:1      | You add the spells Foxfire, Ensorcelled Hibernation, Inner
                  | Flame, Frozen Ramparts and Simulacrum to your library.
    78 | D:1      | Got the Papyrus of the Frostbite and the Arsonist
   243 | D:1      | Reached skill level 2 in Dodging
   243 | D:1      | Reached XP level 2. HP: 22/22 MP: 3/5
   268 | D:1      | Found a faded altar of an unknown god.
   272 | D:1      | Learned a level 2 spell: Searing Ray
   338 | D:1      | Found Dineug's Armour Shop.
   553 | D:1      | Reached skill level 1 in Fighting
   999 | D:2      | Reached XP level 3. HP: 23/28 MP: 4/6
  1197 | D:2      | Noticed Terence
  1206 | D:2      | Killed Terence
  1377 | D:2      | Reached XP level 4. HP: 36/36 MP: 1/7
  1763 | D:2      | You pick up a book of Beasts and begin reading...
  1763 | D:2      | You add the spells Summon Ice Beast, Summon Mana Viper and
                  | Monstrous Menagerie to your library.
  1952 | D:2      | Found a runed translucent door.
  1953 | D:2      | Noticed Crazy Yiuf
  2030 | D:2      | Reached skill level 2 in Fighting
  2326 | D:3      | Noticed Jessica
  2331 | D:3      | Killed Jessica
  2425 | D:3      | Found a shadowy altar of Dithmenos.
  2646 | D:2      | Reached skill level 3 in Spellcasting
  2646 | D:2      | Reached XP level 5. HP: 30/42 MP: 0/9
  3274 | D:3      | Reached skill level 3 in Dodging
  3325 | D:3      | Noticed Robin
  3340 | D:3      | Killed Robin
  3570 | D:3      | Noticed Ijyb
  4008 | D:3      | Paralysed by Ijyb for 2 turns
  4015 | D:3      | Paralysed by Ijyb for 3 turns
  4020 | D:3      | Paralysed by Ijyb for 6 turns
  4036 | D:3      | You pick up a book of Decay and begin reading...
  4036 | D:3      | You add the spells Corpse Rot, Dispel Undead and Death
                  | Channel to your library.
  4130 | D:2      | Killed Ijyb
  4131 | D:2      | Reached skill level 3 in Fighting
  4131 | D:2      | Reached skill level 5 in Conjurations
  4408 | D:4      | Reached XP level 6. HP: 51/51 MP: 6/11
  5018 | D:4      | You pick up a book of Burglary and begin reading...
  5018 | D:4      | You add the spells Passwall, Swiftness and Invisibility to
                  | your library.
  5596 | D:5      | Entered Level 5 of the Dungeon
  5617 | D:5      | Noticed a sky beast
  5623 | D:5      | Killed a sky beast
  5624 | D:5      | Reached skill level 4 in Fighting
  5624 | D:5      | Reached skill level 4 in Spellcasting
  5791 | D:5      | Your scales start taking on a fiery red colour.
  5791 | D:5      | Reached XP level 7. HP: 59/59 MP: 8/13
  5791 | D:5      | Gained mutation: Your flesh is heat resistant. (rF+) [Red
                  | Draconian growth]
  5930 | D:5      | Reached skill level 6 in Conjurations
  6484 | D:5      | Reached skill level 5 in Fighting
  6807 | D:5      | Reached skill level 7 in Conjurations
  6812 | D:5      | Learned a level 4 spell: Fulminant Prism
  6817 | D:5      | Learned a level 4 spell: Iskenderun's Mystic Blast
  6980 | D:5      | Found an ancient bone altar of Kikubaaqudgha.
  6980 | D:5      | Found a sacrificial altar of Ru.
  6986 | D:5      | Reached skill level 1 in Translocations
  6986 | D:5      | Reached XP level 8. HP: 68/68 MP: 11/14
  7008 | D:5      | Found a faded altar of an unknown god.
  7010 | D:5      | Found a sparkling altar of Nemelex Xobeh.
  7012 | D:5      | Found a faded altar of an unknown god.
  7105 | D:6      | You add the spells Lee's Rapid Deconstruction, Borgnjor's
                  | Vile Clutch and Malign Gateway to your library.
  7105 | D:6      | Got Binumim's Compendium of the Ashen Voyage
  7186 | D:6      | Reached skill level 1 in Hexes
  7452 | D:6      | You pick up a book of Alchemy and begin reading...
  7452 | D:6      | You add the spells Sublimation of Blood, Petrify and
                  | Irradiate to your library.
  7911 | D:6      | Reached skill level 2 in Translocations
  7987 | D:6      | Reached skill level 2 in Hexes
  8025 | D:6      | Reached skill level 4 in Dodging
  8284 | D:6      | Reached skill level 6 in Fighting
  8564 | D:7      | Reached skill level 3 in Translocations
  8761 | D:7      | Noticed a hornet
  8765 | D:7      | Paralysed by a hornet for 1 turns
  8771 | D:7      | Killed a hornet
  8772 | D:7      | Reached skill level 3 in Hexes
  8772 | D:7      | Reached XP level 9. HP: 27/78 MP: 5/15
  9040 | D:7      | Reached skill level 8 in Conjurations
  9112 | D:7      | Found a staircase to the Ecumenical Temple.
  9119 | Temple   | Entered the Ecumenical Temple
  9145 | Temple   | Became a worshipper of Hepliaklqana the Forgotten
  9875 | D:8      | Reached skill level 4 in Translocations
  9921 | D:8      | Identified the ring of Zowoyquon {Ice *Corrode rN+ Dex+4}
  9964 | D:8      | Reached skill level 5 in Dodging
 10123 | D:8      | Reached skill level 7 in Fighting
 10206 | D:8      | Noticed Grum
 10225 | D:8      | Killed Grum
 10226 | D:8      | Reached skill level 5 in Translocations
 10481 | D:8      | Reached * piety under Hepliaklqana
 10686 | D:8      | Noticed a two-headed ogre
 10698 | D:8      | Reached skill level 9 in Conjurations
 10700 | D:8      | Reached skill level 8 in Fighting
 10816 | D:8      | Killed a two-headed ogre
 10817 | D:8      | Reached XP level 10. HP: 88/88 MP: 9/16
 10907 | D:8      | You fall into a shaft and drop 2 floors!
 10907 | D:10     | Entered Level 10 of the Dungeon
 10923 | D:11     | Reached skill level 10 in Conjurations
 10923 | D:11     | Reached skill level 2 in Stealth
 11052 | D:11     | Reached skill level 1 in Invocations
 11052 | D:11     | Reached skill level 1 in Evocations
 11770 | D:10     | Found a staircase to the Orcish Mines.
 12022 | D:9      | Reached skill level 2 in Invocations
 12036 | D:9      | Found a staircase to the Lair.
 12055 | D:9      | Reached skill level 2 in Evocations
 12092 | D:9      | Found a shimmering altar of Xom.
 12165 | D:9      | Noticed Erolcha
 12173 | D:9      | Killed Erolcha
 12174 | D:9      | Reached skill level 3 in Stealth
 12281 | D:9      | Noticed Joseph
 12782 | D:9      | Noticed a two-headed ogre
 12789 | D:9      | Killed a two-headed ogre
 12790 | D:9      | Reached skill level 5 in Spellcasting
 12790 | D:9      | Reached skill level 6 in Translocations
 12790 | D:9      | Reached skill level 3 in Invocations
 12790 | D:9      | Reached skill level 3 in Evocations
 13050 | D:9      | Killed Joseph
 13213 | D:9      | Reached XP level 11. HP: 66/85 MP: 16/18
 13215 | D:9      | You pick up a book of Frost and begin reading...
 13215 | D:9      | You add the spells Freeze and Hailstorm to your library.
 13860 | D:9      | Reached skill level 9 in Fighting
 13860 | D:9      | Reached skill level 4 in Stealth
 14012 | D:10     | Reached skill level 4 in Invocations
 14187 | D:10     | Noticed a two-headed ogre
 14233 | D:9      | Killed a two-headed ogre
 14234 | D:9      | Reached skill level 4 in Evocations
 14618 | D:10     | Reached ** piety under Hepliaklqana
 14655 | D:10     | Found a transporter.
 14697 | D:10     | Found a transporter.
 14715 | D:10     | Noticed Atlas's ghost (journeyman DjAE)
 14740 | D:10     | Found a bloodstained altar of Trog.
 15593 | D:11     | Noticed a wizard
 15596 | D:11     | Killed a wizard
 15597 | D:11     | Reached skill level 6 in Spellcasting
 15597 | D:11     | Reached skill level 7 in Translocations
 15597 | D:11     | Reached skill level 5 in Invocations
 15614 | D:11     | Noticed a large abomination
 15614 | D:11     | Noticed a large abomination
 15786 | D:11     | Remembered your ancestor Hank as a knight
 15826 | Lair:1   | Entered Level 1 of the Lair of Beasts
 15995 | Lair:1   | Reached skill level 5 in Evocations
 16319 | Lair:1   | Noticed a five-headed hydra
 16360 | Lair:1   | Killed a five-headed hydra
 16361 | Lair:1   | Reached skill level 10 in Fighting
 16361 | Lair:1   | Reached skill level 1 in Shields
 16361 | Lair:1   | Reached skill level 6 in Invocations
 16753 | Lair:1   | Reached skill level 2 in Shields
 16753 | Lair:1   | Reached skill level 6 in Evocations
 16957 | Lair:1   | Noticed a six-headed hydra
 16957 | Lair:1   | Noticed Harold
 16968 | Lair:1   | Killed Harold
 16969 | Lair:1   | Reached XP level 12. HP: 95/95 MP: 8/21
 16981 | Lair:1   | HP: 21/95 [six-headed hydra (7)]
 16982 | Lair:1   | HP: 1/95 [six-headed hydra (11)]
 16982 | Lair:1   | Slain by a six-headed hydra

Vanquished Creatures
  Harold (Lair:1)
  A hydra (Lair:1)
  Erolcha (D:9)
  3 two-headed ogres
  A wizard (D:11)
  Joseph (D:9)
  2 kobold demonologists (D:11)
  A komodo dragon (Lair:1)
  An unseen horror (D:10)
  A hornet (D:7)
  A troll (D:9)
  A meliai zombie (D:11)
  A wraith (D:10)
  11 yaks
  A basilisk (Lair:1)
  3 wyverns
  Grum (D:8)
  A steam dragon (D:7)
  An acid dragon (D:10)
  8 water moccasins
  An orc warrior (D:10)
  5 sky beasts
  An ogre (D:6)
  4 wolves (D:8)
  4 centaurs
  A phantom (D:5)
  2 bullfrogs (Lair:1)
  2 kobold brigands
  A gnoll sergeant (D:11)
  A scorpion (D:6)
  14 wights
  3 electric eels
  4 howler monkeys
  2 centaur zombies
  A jelly (D:6)
  2 hounds
  6 orc priests
  2 bullfrog skeletons (D:6)
  A gnoll shaman (D:4)
  Ijyb (D:2)
  Jessica (D:3)
  4 iguanas
  Terence (D:2)
  4 orc wizards
  A scorpion zombie (D:5)
  2 killer bee zombies
  A hound skeleton (D:4)
  2 howler monkey zombies (D:8)
  Robin (D:3)
  A howler monkey skeleton (D:6)
  9 gnolls
  11 adders
  2 white imps (D:6)
  2 ufetubi
  A worm (D:2)
  2 dart slugs (D:1)
  27 orcs
  5 bats
  4 endoplasms
  3 giant cockroaches
  14 goblins
  10 hobgoblins
  7 jackals
  20 kobolds
  A quokka (D:4)
  3 ball pythons
  3 frilled lizards (D:1)
  7 rats
249 creatures vanquished.

Vanquished Creatures (collateral kills)
  3 cane toads
  A basilisk (Lair:1)
  3 orc warriors
  A centaur (D:9)
  A kobold brigand (D:9)
  A bullfrog (Lair:1)
  A howler monkey (D:12)
  3 orcs
  2 kobolds
16 creatures vanquished.

Vanquished Creatures (others)
  7 ancestors
  18 fulminant prisms
  7 fungi
  29 plants
61 creatures vanquished.

Grand Total: 326 creatures vanquished

Table legend:
 A = Non-vault XP
 B = Vault XP
 C = Vault XP percentage of total XP
 D = Non-vault monster count
 E = Vault monster count
 F = Vault count percentage of total count
                 A         B        C        D         E       F
            +---------+---------+-------+---------+---------+-------
      Total |   15713 |    6145 |  28.1 |     219 |      46 |  17.4
            +---------+---------+-------+---------+---------+-------
        D:1 |      36 |       2 |   5.3 |      21 |       1 |   4.5
        D:2 |      69 |      74 |  51.7 |      23 |       2 |   8.0
        D:3 |     111 |      75 |  40.3 |      18 |      13 |  41.9
        D:4 |     227 |       0 |   0.0 |      19 |       0 |   0.0
        D:5 |     710 |     151 |  17.5 |      18 |       1 |   5.3
        D:6 |     762 |     226 |  22.9 |      15 |       4 |  21.1
        D:7 |    1064 |       0 |   0.0 |      10 |       0 |   0.0
        D:8 |     933 |    1754 |  65.3 |      13 |       9 |  40.9
        D:9 |    3773 |    1362 |  26.5 |      29 |       2 |   6.5
       D:10 |    2649 |     677 |  20.4 |      21 |      10 |  32.3
       D:11 |    2063 |     827 |  28.6 |      17 |       3 |  15.0
       D:12 |     111 |       0 |   0.0 |       2 |       0 |   0.0
     Lair:1 |    3205 |     997 |  23.7 |      13 |       1 |   7.1
            +---------+---------+-------+---------+---------+-------

Illustrated notes

Table legend:
 A = Kills in this place as a percentage of kills in entire the game.
 B = Kills by you in this place as a percentage of kills by you in the entire game.
 C = Kills by friends in this place as a percentage of kills by friends in the entire game.
 D = Other kills in this place as a percentage of other kills in the entire game.
 E = Experience gained in this place as a percentage of experience gained in the entire game.
 F = Experience gained in this place divided by the number of levels of this place that you have seen.
                   A       B       C       D       E      F
               +-------+-------+-------+-------+-------+----------------------
         Total | 100.0 | 100.0 | 100.0 |   N/A | 100.0 | 1561.3
       Dungeon |  94.7 |  96.0 |  75.0 |   N/A |  80.8 | 1471.3
          Lair |   5.3 |   4.0 |  25.0 |   N/A |  19.2 | 4202.0
               +-------+-------+-------+-------+-------+----------------------

Table legend: (Time is in decaauts)
 A = Elapsed time spent in this place.
 B = Non-inter-level travel time spent in this place.
 C = Inter-level travel time spent in this place.
 D = Time resting spent in this place.
 E = Time spent auto-exploring this place.
 F = Levels seen in this place.
 G = Mean time per level.
                   A        B        C        D        E       F      G
               +--------+--------+--------+--------+--------+-----+--------+
         Total |  17051 |  16403 |    648 |   3880 |   9908 |  14 | 1217.9 |
       Dungeon |  16012 |  15372 |    640 |   3620 |   9319 |  12 | 1334.3 |
        Temple |     34 |     26 |      8 |      0 |     20 |   1 |   34.0 |
          Lair |   1004 |   1004 |      0 |    260 |    569 |   1 | 1004.0 |
               +--------+--------+--------+--------+--------+-----+--------+

Top non-repeatable levels by time:
     D:9: 2078 daAuts
     D:2: 1955 daAuts
     D:6: 1697 daAuts
    D:11: 1679 daAuts
     D:5: 1486 daAuts
     D:4: 1467 daAuts
     D:8: 1282 daAuts
     D:3: 1206 daAuts
    D:10: 1125 daAuts
     D:7: 1032 daAuts
  Lair:1: 1004 daAuts
     D:1: 990 daAuts
  Temple: 34 daAuts
    D:12: 9 daAuts
